 Dungeon Crawl Stone Soup version 0.25.0-26-g0c896c7088 (webtiles) character file.

Game seed: 8592733929494022882

639289 Electrofox the Conqueror (level 27, -21/273 HPs)
             Began as a Minotaur Fighter on June 25, 2020.
             Was the Champion of Okawaru.
             Killed from afar by a Killer Klown (30 damage)
             ... with a klown pie
             ... on level 5 of the Realm of Zot on July 5, 2020.
             The game lasted 11:21:31 (91900 turns).

Electrofox the Conqueror (Minotaur Fighter)        Turns: 91900, Time: 11:21:32

Health: -21/273    AC: 45    Str: 34    XL:     27
Magic:  34/34      EV: 12    Int:  8    God:    Okawaru [******]
Gold:   6612       SH: 21    Dex: 13    Spells: 38/42 levels left

rFire    + + .     SeeInvis +   a - +9 broad axe (freeze)
rCold    + + .     Gourm    .   c - +1 kite shield
rNeg     + . .     Faith    .   T - +9 gold dragon scales
rPois    +         Spirit   .   V - +1 hat of the Hall of Blades {rN+ MR+ rCorr}
rElec    +         Reflect  +   g - +1 cloak of Starlight {rElec rC+ EV+4 Stlth--}
rCorr    +         Harm     .   Q - +2 pair of gloves {Str+3}
MR       ++++.                  u - +1 pair of boots {Fly}
Stlth    ..........             P - amulet of reflection
HPRegen  0.55/turn              C - ring of protection from magic
MPRegen  0.24/turn              R - ring "Juonomi" {+Fly rPois rF+ Dex+3 SInv}

@: no potions
A: retaliatory headbutt, horns 2, talons 1, clever 1, clumsy 1, poison
resistance
}: 3/15 runes: serpentine, barnacled, silver
a: Heroism, Finesse, Renounce Religion, Evoke Flight


You were on level 5 of the Realm of Zot.
You worshipped Okawaru.
Okawaru was exalted by your worship.
You were very hungry.

You visited 10 branches of the dungeon, and saw 50 of its levels.

You collected 8841 gold pieces.
You spent 2229 gold pieces at shops.

Inventory:

Hand Weapons
 a - a +9 broad axe of freezing (weapon)
 b - the +4 hand crossbow "Aleof" {speed, rC+ Int+4}
   (You bought it in a shop on level 3 of the Vaults)

   Attacks with this weapon are significantly faster.
   It affects your intelligence (+4).
   It protects you from cold.
 t - the +5 hand crossbow of the Final Friars {penet, +Blink rPois rF++ Int+4}
   (Okawaru gifted it to you on level 1 of the Realm of Zot)

   Ammo fired by it will pass through the targets it hits, potentially hitting
   all targets in its path until it reaches maximum range.
   It affects your intelligence (+4).
   It greatly protects you from fire.
   It protects you from poison.
   It lets you blink.
 U - a +2 vorpal morningstar
Missiles
 j - 2011 bolts
 w - 36 silver javelins (quivered)
 G - 10 curare-tipped darts
 L - 16 atropa-tipped darts
Armour
 c - a +1 kite shield (worn)
 g - the +1 cloak of Starlight (worn) {rElec rC+ EV+4 Stlth--}
   (You bought it in a shop on level 11 of the Dungeon)

   It affects your evasion (+4).
   It protects you from cold.
   It insulates you from electricity.
   It makes you much less stealthy.
 u - a +1 pair of boots of flying (worn)
 Q - a +2 pair of gloves of strength (worn)
 T - +9 gold dragon scales (worn)
 V - the +1 hat of the Hall of Blades (worn) {rN+ MR+ rCorr}
   (Okawaru gifted it to you on level 1 of the Vaults)

   It protects you from negative energy.
   It affects your resistance to hostile enchantments.
   It provides partial protection from all sources of acid and corrosion.
Jewellery
 C - a ring of protection from magic (left hand)
 P - an amulet of reflection (around neck)
 R - the ring "Juonomi" (right hand) {+Fly rPois rF+ Dex+3 SInv}
   (You found it on level 1 of the Depths)

   [ring of poison resistance]

   It affects your dexterity (+3).
   It protects you from fire.
   It protects you from poison.
   It lets you see invisible.
   It lets you fly.
Wands
 h - a wand of flame (102)
 l - a wand of enslavement (35)
 B - a wand of clouds (6)
 H - a wand of iceblast (65)
 I - a wand of paralysis (59)
 M - a wand of disintegration (11)
 Y - a wand of acid (24)
Scrolls
 e - 23 scrolls of teleportation
 p - 27 scrolls of remove curse
 q - a scroll of silence
 r - 7 scrolls of fog
 s - 3 scrolls of blinking
 v - 6 scrolls of immolation
 x - 7 scrolls of fear
 y - a scroll of enchant armour
 z - 7 scrolls of magic mapping
 A - 15 scrolls of identify
 J - 3 scrolls of holy word
 K - 2 scrolls of summoning
 Z - 2 scrolls of enchant weapon
Potions
 d - 4 potions of might
 i - 11 potions of flight
 k - 7 potions of ambrosia
 m - 18 potions of curing
 n - 13 potions of lignification
 o - 2 potions of cancellation
 D - 4 potions of heal wounds
 E - 5 potions of mutation
 F - 6 potions of haste
 O - 2 potions of invisibility
 S - 2 potions of resistance
Comestibles
 f - 59 rations


   Skills:
 O Level 27 Fighting
 - Level 19.4(20.1) Axes
 - Level 10.2(16.0) Maces & Flails
 - Level 16.5 Crossbows
 - Level 15.8 Throwing
 + Level 24.8 Armour
 - Level 0.2 Dodging
 - Level 15.0 Shields
 + Level 8.0 Spellcasting
 + Level 6.6 Conjurations
 - Level 4.6 Translocations
 + Level 6.5 Air Magic
 + Level 6.5 Poison Magic
 - Level 8.0 Invocations
 - Level 11.0 Evocations


You had 38 spell levels left.
You knew the following spells:

 Your Spells              Type           Power        Failure   Level  Hunger
a - Apportation           Tloc           ##....       16%         1    None
b - Mephitic Cloud        Conj/Pois/Air  ##......     21%         3    ###....

Your spell library contained the following spells:

 Spells                   Type           Power        Failure   Level  Hunger
 Shock                    Conj/Air       ##..         7%          1    None
 Poisonous Vapours        Pois/Air       ##....       10%         2    ##.....
 Static Discharge         Conj/Air       ##......     21%         3    ###....
 Foxfire                  Conj/Fire      #...         26%         1    None
 Sting                    Tmut/Pois      #...         26%         1    None
 Corpse Rot               Necr/Air       N/A          36%         2    ##.....
 Swiftness                Chrm/Air       #.......     36%         2    ##.....
 Gell's Gravitas          Tloc           ##........   41%         3    ###....
 Lesser Beckoning         Tloc           ##........   41%         3    ###....
 Olgreb's Toxic Radiance  Pois           ##......     54%         4    ####...
 Conjure Flame            Conj/Fire      #.......     61%         3    ###....
 Stone Arrow              Conj/Erth      #.....       61%         3    ###....
 Animate Skeleton         Necr           N/A          69%         1    None
 Corona                   Hex            #......      69%         1    None
 Freeze                   Ice            #...         69%         1    None
 Pain                     Necr           #...         69%         1    None
 Sandblast                Erth           #.....       69%         1    None
 Summon Butterflies       Summ           #.......     69%         1    None
 Summon Small Mammal      Summ           #...         69%         1    None
 Portal Projectile        Hex/Tloc       #.....       75%         3    ###....
 Ignite Poison            Fire/Tmut/Pois #.......     77%         3    ###....
 Ensorcelled Hibernation  Hex/Ice        #.....       83%         2    ##.....
 Passwall                 Tmut/Erth      #.......     83%         2    ##.....
 Slow                     Hex            #.......     83%         2    ##.....
 Sublimation of Blood     Necr           #.........   83%         2    ##.....
 Lightning Bolt           Conj/Air       ##........   88%         5    ######.
 Hailstorm                Conj/Ice       #.......     95%         4    ####...
 Frozen Ramparts          Ice            #.....       96%         3    ###....
 Inner Flame              Hex/Fire       #.......     96%         3    ###....
 Ozocubu's Armour         Chrm/Ice       #.......     96%         3    ###....
 Tukima's Dance           Hex            #.......     96%         3    ###....
 Cause Fear               Hex            #.........   100%        4    ####...
 Dispel Undead            Necr           #.......     100%        4    ####...
 Ice Form                 Ice/Tmut       #.......     100%        4    ####...
 Petrify                  Tmut/Erth      #.......     100%        4    ####...
 Summon Ice Beast         Ice/Summ       #.......     100%        4    ####...
 Agony                    Necr           #.......     100%        5    ######.
 Alistair's Intoxication  Tmut/Pois      #.......     100%        5    ######.
 Bolt of Magma            Conj/Fire/Erth #.........   100%        5    ######.
 Excruciating Wounds      Chrm/Necr      #.........   100%        5    ######.
 Irradiate                Conj/Tmut      #.........   100%        5    ######.
 Iskenderun's Battlesphe  Conj/Chrm      #.......     100%        5    ######.
 Lee's Rapid Deconstruct  Erth           #.........   100%        5    ######.
 Metabolic Englaciation   Hex/Ice        #.........   100%        5    ######.
 Silence                  Hex/Air        #.........   100%        5    ######.
 Yara's Violent Unravell  Hex/Tmut       #.........   100%        5    ######.
 Death Channel            Necr           #.........   100%        6    #######
 Dispersal                Tloc           ##........   100%        6    #######
 Eringya's Noxious Bog    Tmut/Pois      #.........   100%        6    #######
 Freezing Cloud           Conj/Ice/Air   ##........   100%        6    #######
 Invisibility             Hex            #.......     100%        6    #######
 Iron Shot                Conj/Erth      #.........   100%        6    #######
 Ozocubu's Refrigeration  Ice            #.........   100%        6    #######
 Simulacrum               Ice/Necr       #.........   100%        6    #######
 Malign Gateway           Summ/Tloc      #.........   100%        7    #######
 Orb of Destruction       Conj           ##........   100%        7    #######
 Ring of Flames           Chrm/Fire      #.........   100%        7    #######
 Spellforged Servitor     Conj/Summ      #.........   100%        7    #######
 Controlled Blink         Tloc           N/A          100%        8    #######
 Discord                  Hex            #.........   100%        8    #######
 Disjunction              Tloc           ##........   100%        8    #######
 Ignition                 Fire           #.........   100%        8    #######
 Shatter                  Erth           #.........   100%        9    #######
 Tornado                  Air            ##........   100%        9    #######


Dungeon Overview and Level Annotations

Branches:
Dungeon (15/15)            Temple (1/1) D:5            Lair (6/6) D:9
 Shoals (4/4) Lair:4        Snake (4/4) Lair:3        Slime (0/5) Lair:6
    Orc (2/2) D:12            Elf (3/3) Orc:2        Vaults (5/5) D:13
  Crypt (0/3) Vaults:2     Depths (5/5) D:15            Zot (5/5) Depths:5

Altars:
Ashenzari
Cheibriados
Dithmenos
Elyvilon
Fedhas
Gozag
Hepliaklqana
Kikubaaqudgha
Makhleb
Nemelex Xobeh
Okawaru
Qazlal
Ru
Sif Muna
Trog
Uskayaw
Vehumet
Wu Jian
Xom
Yredelemnul
Zin
The Shining One
Beogh
Lugonu

Shops:
D:5 (!(   D:11 [   Orc:2 ?==?   Elf:1 =   Snake:1 [!(=[   Snake:2 =}}
Snake:4 !   Vaults:1 (   Vaults:3 (   Vaults:5 %

Portals:
Hell: Depths:1 Depths:2 Depths:3 Depths:4 Depths:5
Abyss: Depths:1 Depths:2 Depths:4
Pandemonium: Depths:1 Depths:3
Ziggurat: Depths:1
Trove: Depths:3 (give horn of Geryon)

Annotations:
Lair:6 exclusion: 2 oklob plants
Vaults:1 Sojobo
Depths:1 exclusion: 4 downstairs
Depths:2 exclusion: downstairs
Depths:4 1 exclusion
Depths:5 exclusion: door


Innate Abilities, Weirdness & Mutations

You reflexively headbutt those who attack you in melee.
You have a pair of horns on your head.
You have sharp toenails.
Your mind is acute. (Int +2)
You are clumsy. (Dex -2)
Your system is resistant to poisons. (rPois)


Message History

You assume a fearsome visage.
The Killer Klown resists with almost no effort.
The Orb Guardian resists with some effort.
Your surroundings suddenly seem different.
A Killer Klown comes into view. It is wielding a +8 club of chaos.
The Killer Klown shouts!
An orb of fire comes into view.
Found a ration and 30 gold pieces.
The orb of fire emits a lurid red light.
The bolt of fire hits you. You resist.
* * * LOW HITPOINT WARNING * * *
The Killer Klown says, "Trust me, I'm a doctor."
The orb of fire glows bright magenta.
Strange energies course through your body.
You feel clumsy.
The world stops spinning.
The Killer Klown throws klown pie at you.
The klown pie hits you!!
Lemon!
You feel your inability to drink will last longer.
You die...

(.†..).p▓▓
......$..........)▓▓
...................
...................
...................
...................
........*..........
...................
▓...p....@......▓
#▓▓▓▓▓▓▓▓▓▓▓##..%.^▓▓
###...^(((.(..
......#
##.^..##.......
....... #...###
....... ..^.... ...##
....... ....... ..##
....... ....... ..#
....... ....... .##
.......


You could see an orb of fire and a Killer Klown.

Vanquished Creatures
  2 orbs of fire (Zot:5)
  Mara (Shoals:4)
  Mennas (Vaults:3)
  6 ancient liches
  2 greater mummies (Depths:4)
  3 Killer Klowns (Zot:5)
  Vashnia (Snake:3)
  2 curse toes
  Jory (Depths:2)
  9 golden dragons
  A bone dragon (Depths:5)
  The ghost of Fuodalyc the Minotaur Blade, an adept MiFi of Okawaru (Depths:1)
  4 electric golems
  A hellephant (Depths:3)
  Rupert (Lair:6)
  The ghost of Silenth the Arsonist, an adept DrFE of Vehumet (Vaults:3)
  14 tentacled monstrosities
  13 Orb Guardians (Zot:5)
  4 deep elf blademasters (Elf:3)
  4 liches
  14 death cobs
  2 titans (Vaults:5)
  8 quicksilver dragons
  3 sphinxes
  Polyphemus (Shoals:3)
  A kraken (Shoals:3)
  8 shadow dragons
  Kirke (D:15)
  10 storm dragons
  7 fire giants
  5 nagarajas
  8 draconian monks
  5 tengu reavers
  17 vault wardens
  5 frost giants
  5 draconian scorchers
  An orc warlord (Orc:2)
  18 deep elf sorcerers
  5 draconian knights
  3 ghost moths
  6 draconian shifters
  Aizul (Shoals:3)
  6 deep elf elementalists
  A ghoul (Vaults:2)
  4 spriggan defenders
  2 war gargoyles
  7 draconian annihilators
  4 draconian stormcallers
  27 ironheart preservers
  15 stone giants
  27 very ugly things
  2 entropy weavers
  Nessos (Lair:6)
  8 vampire knights
  12 green draconians
  16 red draconians
  11 deep elf annihilators
  8 black draconians
  7 deep elf demonologists
  9 dire elephants (Depths:3)
  12 white draconians
  A spark wasp (shapeshifter) (Vaults:4)
  8 purple draconians
  11 yellow draconians
  4 spark wasps (Depths:2)
  3 merfolk javelineers
  4 deep elf death magi
  A quicksilver dragon zombie (Depths:2)
  3 merfolk impalers
  20 yaktaur captains
  The ghost of Mamah the Grappler, a journeyman TrMo of Fedhas (D:11)
  11 fire dragons
  14 ettins
  9 great orbs of eyes
  2 mummy priests (Depths:4)
  Erolcha (Orc:1)
  8 rakshasas
  16 naga warriors
  Fannar (Orc:1)
  12 ice dragons
  5 deep elf high priests
  8 hydras
  6 spriggan air magi
  34 vault guards
  2 merfolk avatars
  8 centaur warriors
  2 catoblepae
  4 satyrs
  4 alligator snapping turtles
  A tengu warrior (Depths:1)
  29 dancing weapons
  4 merfolk aquamancers
  36 two-headed ogres
  7 deep troll shamans
  14 ogre magi
  4 death knights
  7 anacondas
  8 death yaks
  A vampire mage (Vaults:2)
  2 deep troll earth magi
  28 deep elf knights
  4 shock serpents
  20 naga sharpshooters
  5 spriggan berserkers
  An orc high priest (Orc:2)
  Sonja (Lair:1)
  11 skeletal warriors
  8 iron trolls
  14 shadow wraiths
  7 unseen horrors
  4 flayed ghosts
  A golden dragon zombie (Vaults:4)
  2 death drakes (shapeshifter)
  2 salamander mystics
  19 sea snakes
  15 ironbrand convokers
  7 naga ritualists
  A harpy (shapeshifter) (D:15)
  15 deep trolls
  6 phantasmal warriors
  3 glowing orange brains
  11 orc knights
  5 wizards
  Pikel (D:4)
  20 deep elf archers
  22 harpies
  5 necromancers
  55 ugly things
  13 mana vipers
  3 wolf spiders
  2 wolf spiders (shapeshifter)
  A sphinx zombie (Depths:1)
  9 orc sorcerers
  A wolf spider zombie (D:15)
  10 salamanders
  70 deep elf magi
  15 fauns
  13 cyclopes
  14 manticores
  17 moths of wrath
  2 human skeletons
  4 centaur zombies
  2 black mambas (shapeshifter)
  An elephant (shapeshifter) (Depths:3)
  A fire giant skeleton (Depths:2)
  8 merfolk sirens
  27 elephants
  11 vault sentinels
  A titan simulacrum (Depths:1)
  31 black mambas
  8 water nymphs
  A smoke demon (Depths:3)
  A gargoyle (D:10)
  8 spiny frogs
  28 naga magi
  A torpor snail (Lair:2)
  A rime drake (shapeshifter) (Depths:4)
  A spiny frog (shapeshifter) (Vaults:1)
  A yaktaur (shapeshifter) (Vaults:3)
  53 yaktaurs
  A yaktaur zombie (Vaults:3)
  3 efreet
  7 komodo dragons
  7 freezing wraiths
  2 rime drakes
  2 human zombies
  2 hellwings (Depths:3)
  2 tengu conjurers
  3 jumping spiders (shapeshifter)
  3 guardian mummies (Depths:4)
  A spriggan skeleton (Depths:2)
  25 merfolk
  A meliai (shapeshifter) (Vaults:1)
  6 hornets
  A jumping spider (Vaults:3)
  4 polar bears
  9 trolls
  9 wind drakes
  A wind drake (shapeshifter) (Vaults:4)
  A troll (shapeshifter) (Depths:3)
  A blink frog (shapeshifter) (Vaults:4)
  2 blink frogs (Lair:2)
  6 snapping turtles
  10 hippogriffs
  15 slime creatures
  A deep troll zombie (Depths:1)
  2 hippogriffs (shapeshifter)
  10 dream sheep
  A spriggan zombie (Depths:2)
  A fire giant simulacrum (Depths:1)
  A centaur simulacrum (D:11)
  A flying skull (Vaults:2)
  3 spriggans
  21 water elementals
  3 air elementals
  A tarantella (shapeshifter) (Depths:3)
  14 wraiths
  A vampire (D:15)
  3 redbacks (Vaults:3)
  25 fire elementals
  2 basilisks
  7 shadows
  A wyvern (D:13)
  2 hungry ghosts (D:14)
  35 yaks
  2 hogs (D:15)
  Grum (D:8)
  9 vampire mosquitoes (Depths:2)
  6 wargs
  46 nagas
  Edmund (D:3)
  A naga (shapeshifter) (D:12)
  A soldier ant (shapeshifter) (Vaults:3)
  4 acid dragons
  A hell hound (Depths:3)
  15 water moccasins
  5 porcupines
  2 ice beasts
  43 orc warriors
  7 sky beasts
  3 black bears
  A necrophage (D:12)
  2 eyes of draining
  An eye of draining (shapeshifter) (Depths:2)
  A tengu (shapeshifter) (Vaults:5)
  A deep troll simulacrum (Depths:1)
  38 ogres
  2 phantoms
  16 wolves
  10 boggarts (Vaults:2)
  A centaur (shapeshifter) (Vaults:5)
  19 centaurs
  14 crocodiles
  3 big kobolds
  19 bullfrogs
  A spectral wyvern (D:11)
  4 earth elementals
  3 wyvern skeletons
  8 scorpions
  15 wights
  A water moccasin skeleton (D:5)
  21 killer bees
  3 electric eels
  4 howler monkeys
  A spectral bullfrog (D:11)
  9 crimson imps
  8 hounds
  4 jellies
  2 bullfrog zombies
  35 orc priests
  41 orc wizards
  5 bullfrog skeletons
  7 centaur skeletons
  Natasha (thrice) (D:4)
  4 iguanas
  11 worker ants
  The ghost of releu the Conjurer, a weakling TrCj (D:4)
  2 bullfrog simulacra (D:11)
  2 hound zombies
  2 hound skeletons
  A mummy (Depths:4)
  2 howler monkey skeletons
  20 adders
  7 shadow imps
  5 adder zombies
  4 worms
  2 dart slugs
  10 leopard geckos
  115 orcs
  7 giant cockroaches
  6 goblins
  4 hobgoblins
  4 jackals (D:4)
  4 quokkas
  5 ball pythons
  7 bats
  8 frilled lizards
  A jackal skeleton (D:9)
  21 kobolds
  A leopard gecko skeleton (D:6)
  A quokka skeleton (D:6)
  8 rats
  A rat zombie (D:3)
  3 fungi
  20 plants
2351 creatures vanquished.

Vanquished Creatures (others)
  A nagaraja (Snake:4)
  A merfolk impaler (Shoals:4)
  A two-headed ogre (Vaults:4)
  A naga sharpshooter (Snake:4)
  An unseen horror (D:13)
  A deep elf mage (Elf:2)
  A naga mage (Snake:4)
  A tengu conjurer (Depths:1)
  A naga (Snake:3)
  A centaur (D:15)
  2 kobolds (D:13)
  30 fungi
  81 plants
  23 tentacles (Shoals:3)
146 creatures vanquished.

Grand Total: 2497 creatures vanquished

Notes
Turn   | Place    | Note
-------+----------+-------------------------------------------
     0 | D:1      | Electrofox the Minotaur Fighter began the quest for the
                  | Orb.
     0 | D:1      | Reached XP level 1. HP: 19/19 MP: 0/0
   197 | D:1      | Reached XP level 2. HP: 25/27 MP: 1/1
  1008 | D:2      | Reached XP level 3. HP: 33/33 MP: 2/2
  1313 | D:2      | Reached XP level 4. HP: 36/40 MP: 3/3
  1679 | D:3      | Reached skill level 5 in Axes
  1970 | D:3      | Reached XP level 5. HP: 46/46 MP: 4/4
  2381 | D:3      | Found an ancient bone altar of Kikubaaqudgha.
  2574 | D:4      | Reached XP level 6. HP: 30/52 MP: 5/5
  2874 | D:4      | Found a runed translucent gate.
  2874 | D:4      | Found a runed translucent gate.
  2874 | D:4      | Found a runed translucent gate.
  2875 | D:4      | Noticed releu's ghost (weakling TrCj)
  2925 | D:4      | Noticed Natasha
  2929 | D:4      | Killed Natasha
  2929 | D:4      | Noticed Edmund
  3128 | D:4      | Noticed Natasha
  3131 | D:4      | Killed Natasha
  3131 | D:4      | Reached XP level 7. HP: 57/58 MP: 6/6
  3308 | D:4      | Noticed Natasha
  3328 | D:3      | Killed Edmund
  3407 | D:4      | Killed Natasha
  3461 | D:4      | Killed releu's ghost
  3609 | D:4      | Reached skill level 10 in Axes
  3942 | D:5      | Entered Level 5 of the Dungeon
  4169 | D:5      | Found Fazu's Weapon Shoppe.
  4190 | D:5      | Noticed Pikel
  4286 | D:5      | Reached XP level 8. HP: 52/66 MP: 7/7
  4294 | D:5      | Found a staircase to the Ecumenical Temple.
  4384 | Temple   | Entered the Ecumenical Temple
  4639 | Temple   | Became a worshipper of Warmaster Okawaru
  4745 | D:5      | Found Ohosaac's Distillery.
  4750 | D:5      | Bought a potion of degeneration for 13 gold pieces
  5187 | D:5      | Found Xekhem's Antique Weapon Emporium.
  5276 | D:4      | Killed Pikel
  5930 | D:6      | Reached * piety under Okawaru
  6115 | D:6      | Reached XP level 9. HP: 71/71 MP: 8/8
  8126 | D:7      | Reached skill level 15 in Axes
  8896 | D:7      | Reached ** piety under Okawaru
  9064 | D:8      | Reached XP level 10. HP: 78/78 MP: 9/9
  9083 | D:7      | Reached skill level 4 in Fighting
 10328 | D:8      | Reached skill level 5 in Armour
 10477 | D:8      | Noticed a two-headed ogre
 10558 | D:7      | Upgraded the game from 0.25.0-11-g1f837a76a1 to
                  | 0.25.0-17-g773c8c6189
 10583 | D:8      | Noticed Grum
 10597 | D:8      | Reached skill level 5 in Fighting
 10597 | D:8      | Reached skill level 5 in Shields
 10781 | D:8      | Killed Grum
 10781 | D:8      | Reached *** piety under Okawaru
 11471 | D:8      | Reached skill level 6 in Fighting
 11663 | D:8      | Killed a two-headed ogre
 11663 | D:8      | Received a gift from Okawaru
 11962 | D:9      | Reached skill level 1 in Crossbows
 11975 | D:9      | Found a staircase to the Lair.
 12073 | D:9      | Reached skill level 7 in Fighting
 12360 | D:10     | Entered Level 10 of the Dungeon
 12454 | D:10     | Reached **** piety under Okawaru
 12479 | D:10     | Reached XP level 11. HP: 88/92 MP: 10/10
 12636 | D:10     | Found an iron altar of Okawaru.
 13040 | D:10     | Found a stormy altar of Qazlal.
 13781 | D:11     | Noticed a skeletal warrior
 13781 | D:11     | Noticed a skeletal warrior
 13781 | D:11     | Noticed a skeletal warrior
 14367 | D:11     | Reached skill level 8 in Fighting
 14367 | D:11     | Reached skill level 5 in Crossbows
 14622 | D:10     | Killed a skeletal warrior
 15113 | D:11     | Found a runed translucent gate.
 15113 | D:11     | Found a runed translucent gate.
 15113 | D:11     | Found a runed translucent gate.
 15113 | D:11     | Noticed Mamah's ghost (journeyman TrMo)
 15131 | D:11     | Found Gazalon's Armour Boutique.
 15195 | D:11     | Noticed a skeletal warrior
 15239 | D:10     | Killed a skeletal warrior
 15239 | D:10     | Received a gift from Okawaru
 15399 | D:12     | Reached ***** piety under Okawaru
 15752 | D:11     | Killed a skeletal warrior
 15752 | D:11     | Reached skill level 9 in Fighting
 16292 | Lair:1   | Entered Level 1 of the Lair of Beasts
 16326 | Lair:1   | Received a gift from Okawaru
 16762 | Lair:1   | Noticed Sonja
 16782 | Lair:1   | Killed Sonja
 16923 | Lair:1   | Reached skill level 1 in Invocations
 17274 | Lair:2   | Reached XP level 12. HP: 48/105 MP: 12/12
 17548 | Lair:2   | Noticed a six-headed hydra
 17616 | Lair:2   | Received a gift from Okawaru
 17837 | Lair:2   | Received a gift from Okawaru
 17838 | Lair:2   | Got a masterwork chain mail {god gift}
 17874 | Lair:2   | Identified the +4 chain mail "Bafusit" {rElec rF++ Int+4}
                  | (Okawaru gifted it to you on level 2 of the Lair of Beasts)
 18028 | Lair:2   | Killed a six-headed hydra
 18028 | Lair:2   | Reached skill level 10 in Fighting
 18028 | Lair:2   | Reached skill level 10 in Shields
 19053 | Lair:2   | Upgraded the game from 0.25.0-17-g773c8c6189 to
                  | 0.25.0-26-g0c896c7088
 19180 | Lair:3   | Reached skill level 10 in Crossbows
 19199 | Lair:3   | Found a staircase to the Snake Pit.
 20099 | Lair:4   | Reached skill level 1 in Maces & Flails
 20563 | Lair:4   | Identified the Tome of Burning Combat Magic
 20712 | Lair:4   | Found a staircase to the Shoals.
 21552 | Lair:5   | Noticed a four-headed hydra
 21580 | Lair:4   | Killed a four-headed hydra
 22044 | Lair:5   | Reached XP level 13. HP: 107/114 MP: 15/15
 22173 | Lair:5   | Received a gift from Okawaru
 22673 | Lair:6   | Entered Level 6 of the Lair of Beasts
 22696 | Lair:6   | Reached skill level 5 in Invocations
 22808 | Lair:6   | Received a gift from Okawaru
 22809 | Lair:6   | Got a smoking cloak {god gift}
 22815 | Lair:6   | Identified the +1 cloak of Fashionability {rPois Str-2
                  | Dex+2 SInv} (Okawaru gifted it to you on level 6 of the
                  | Lair of Beasts)
 22827 | Lair:6   | Reached skill level 5 in Maces & Flails
 23739 | Lair:6   | Found a staircase to the Slime Pits.
 24087 | Lair:6   | Noticed Nessos
 24141 | Lair:6   | Killed Nessos
 24324 | Lair:6   | Noticed Rupert
 24325 | Lair:6   | Paralysed by Rupert for 3 turns
 24362 | Lair:6   | Reached skill level 10 in Armour
 24378 | Lair:6   | HP: 3/114 [acid (9)]
 24834 | Lair:6   | Killed Rupert
 24834 | Lair:6   | Received a gift from Okawaru
 24835 | Lair:6   | Got a translucent hand crossbow {god gift}
 24868 | Lair:6   | Identified the +7 hand crossbow of the Shoals {elec, rN+
                  | MR+} (Okawaru gifted it to you on level 6 of the Lair of
                  | Beasts)
 24959 | Lair:6   | Reached XP level 14. HP: 97/122 MP: 17/17
 25041 | Lair:6   | Received a gift from Okawaru
 25670 | D:12     | Received a gift from Okawaru
 25703 | D:12     | Found a roughly hewn altar of Beogh.
 25703 | D:12     | Found a staircase to the Orcish Mines.
 27507 | D:13     | Received a gift from Okawaru
 27762 | D:13     | Reached ****** piety under Okawaru
 27979 | D:13     | Found a gate to the Vaults.
 28467 | D:14     | Received a gift from Okawaru
 28855 | D:14     | Got a fading longbow
 28894 | D:14     | Identified the cursed +3 longbow "Quorphu" {flame, SInv
                  | Stlth+} (You found it on level 14 of the Dungeon)
 29527 | D:14     | Reached skill level 11 in Fighting
 29534 | D:14     | Received a gift from Okawaru
 29636 | D:14     | Reached XP level 15. HP: 129/129 MP: 18/18
 29770 | D:15     | Entered Level 15 of the Dungeon
 30227 | D:15     | Noticed Kirke
 30842 | Orc:1    | Entered Level 1 of the Orcish Mines
 30844 | Orc:1    | Noticed Fannar
 30857 | Orc:1    | Killed Fannar
 30937 | Orc:1    | Noticed Erolcha
 30947 | Orc:1    | Killed Erolcha
 30961 | Orc:1    | Found a roughly hewn altar of Beogh.
 30973 | Orc:1    | Received a gift from Okawaru
 31397 | Orc:1    | Found a bloodstained altar of Trog.
 31454 | Orc:2    | Entered Level 2 of the Orcish Mines
 31455 | Orc:2    | Found a staircase to the Elven Halls.
 31551 | Orc:2    | Found a roughly hewn altar of Beogh.
 31624 | Orc:2    | Noticed an orc warlord
 31838 | Orc:2    | Killed an orc warlord
 32233 | Orc:2    | Received a gift from Okawaru
 32423 | Orc:2    | Found a roughly hewn altar of Beogh.
 32499 | Orc:2    | Found Kahak's Magic Scroll Shop.
 32499 | Orc:2    | Found Gefoojic's Jewellery Boutique.
 32502 | Orc:2    | Found Huluosui's Jewellery Shop.
 32502 | Orc:2    | Found Ynuatomo's Magic Scroll Boutique.
 32526 | Orc:2    | Bought a scroll of immolation for 45 gold pieces
 32526 | Orc:2    | Bought a scroll of fog for 26 gold pieces
 32923 | Snake:1  | Entered Level 1 of the Snake Pit
 32970 | Snake:1  | Found Diux's Armour Shoppe.
 33115 | Snake:1  | Received a gift from Okawaru
 33127 | Snake:1  | Found Fecuxkiku's Antique Weapon Shoppe.
 33172 | Snake:1  | Received a gift from Okawaru
 33172 | Snake:1  | Reached skill level 12 in Fighting
 33459 | Snake:1  | Found Oluraste's Antique Armour Emporium.
 33728 | Snake:1  | Received a gift from Okawaru
 34033 | Snake:1  | Found Harap's Jewellery Boutique.
 34114 | Snake:1  | Found Loneug's Distillery.
 34302 | Snake:2  | Identified Gegrajiwk's Incunabulum of Icy Lightness
 34873 | Snake:2  | Received a gift from Okawaru
 34874 | Snake:2  | Got a warped battleaxe {god gift}
 34961 | Snake:2  | Identified the +7 battleaxe of Slime {antimagic, *Rage +Inv
                  | Str+4 SInv} (Okawaru gifted it to you on level 2 of the
                  | Snake Pit)
 35020 | Snake:2  | Found Yjomn's Gadget Shoppe.
 35021 | Snake:2  | Found Cepaghiz's Jewellery Boutique.
 35022 | Snake:2  | Found Camyava's Gadget Shoppe.
 35896 | Snake:3  | Reached XP level 16. HP: 125/141 MP: 21/21
 36277 | Snake:3  | Reached skill level 10 in Maces & Flails
 36285 | Snake:3  | Noticed Vashnia
 36976 | Orc:2    | Bought an uncursed amulet of reflection for 450 gold pieces
 37225 | Snake:3  | Killed Vashnia
 37225 | Snake:3  | Received a gift from Okawaru
 37226 | Snake:3  | Reached skill level 13 in Fighting
 37618 | Snake:3  | Got a scorched scale mail
 37621 | Snake:3  | Identified the +6 scale mail "Vuat" {rC- Slay+2 Stlth+}
                  | (You found it on level 3 of the Snake Pit)
 38004 | Snake:4  | Entered Level 4 of the Snake Pit
 38181 | Snake:4  | Received a gift from Okawaru
 38664 | Snake:4  | Found an iron altar of Okawaru.
 38832 | Snake:4  | Reached skill level 15 in Armour
 39237 | Snake:4  | Reached skill level 14 in Fighting
 39611 | Snake:4  | Received a gift from Okawaru
 40091 | Snake:4  | Found Wuafal's Distillery.
 40183 | Snake:4  | Received a gift from Okawaru
 40722 | Snake:4  | Reached XP level 17. HP: 100/154 MP: 22/22
 41172 | Snake:4  | Received a gift from Okawaru
 41374 | Snake:4  | Reached skill level 15 in Fighting
 41451 | Snake:4  | Got a serpentine rune of Zot
 42239 | Shoals:1 | Entered Level 1 of the Shoals
 42482 | Shoals:1 | Received a gift from Okawaru
 42483 | Shoals:1 | Got an ebony lajatang {god gift}
 42484 | Shoals:1 | Identified the +6 lajatang "Hellblazer" {flame, *Noise
                  | rElec Int+4 SInv} (Okawaru gifted it to you on level 1 of
                  | the Shoals)
 42996 | Shoals:1 | Reached skill level 1 in Evocations
 43791 | Shoals:2 | Got a warped plate armour
 43795 | Shoals:2 | Identified the +3 plate armour of Viny Brilliance {rC+ MR+
                  | Int+2} (You found it on level 2 of the Shoals)
 44694 | Shoals:2 | Received a gift from Okawaru
 45474 | Shoals:3 | Noticed Polyphemus
 46048 | Shoals:3 | Noticed Aizul
 46078 | Shoals:3 | Killed Aizul
 46617 | Shoals:3 | Killed Polyphemus
 46617 | Shoals:3 | Reached skill level 16 in Fighting
 46716 | Shoals:3 | Reached XP level 18. HP: 166/166 MP: 23/23
 47120 | Shoals:4 | Entered Level 4 of the Shoals
 47800 | Shoals:4 | Received a gift from Okawaru
 47953 | Shoals:4 | Noticed Mara
 47957 | Shoals:4 | Noticed Electrofox's illusion
 47982 | Shoals:4 | Killed Mara
 47982 | Shoals:4 | Received a gift from Okawaru
 47982 | Shoals:4 | Reached skill level 15 in Crossbows
 47982 | Shoals:4 | Reached skill level 5 in Evocations
 48568 | Shoals:4 | Received a gift from Okawaru
 48606 | Shoals:4 | Got an encrusted hand axe
 49072 | Shoals:4 | Received a gift from Okawaru
 49261 | Shoals:4 | Got a barnacled rune of Zot
 49600 | Vaults:1 | Entered Level 1 of the Vaults
 49680 | Vaults:1 | Found Cadourr's Weapon Emporium.
 49833 | Vaults:1 | Reached skill level 17 in Fighting
 50398 | Vaults:1 | Received a gift from Okawaru
 50680 | Vaults:1 | Received a gift from Okawaru
 50830 | Vaults:1 | Received a gift from Okawaru
 50839 | Vaults:1 | Got a translucent hat {god gift}
 50840 | Vaults:1 | Identified the +1 hat of the Hall of Blades {rN+ MR+ rCorr}
                  | (Okawaru gifted it to you on level 1 of the Vaults)
 50978 | Vaults:1 | Noticed Sojobo
 51002 | Vaults:1 | Reached XP level 19. HP: 110/177 MP: 17/24
 52710 | Vaults:2 | Reached skill level 1 in Throwing
 52712 | Vaults:2 | Reached skill level 18 in Fighting
 52951 | Vaults:2 | Found a staircase to the Crypt.
 53247 | Vaults:2 | Received a gift from Okawaru
 53626 | Vaults:2 | Identified a scroll of acquirement
 53923 | Snake:1  | Bought a smoking great mace for 391 gold pieces
 53923 | Snake:1  | Identified the +7 great mace of the Unstoppable Lies
                  | {vorpal, rElec rPois} (You bought it in a shop on level 1
                  | of the Snake Pit)
 53938 | Snake:1  | Bought a crystal whip for 255 gold pieces
 53939 | Snake:1  | Identified the cursed +1 whip "Betzit" {venom, Str+2} (You
                  | bought it in a shop on level 1 of the Snake Pit)
 54215 | Vaults:3 | Found the +10 tower shield of Ignorance {rN+ Int-4}
 54685 | Vaults:3 | Noticed Mennas
 54751 | Vaults:3 | Killed Mennas
 54751 | Vaults:3 | Received a gift from Okawaru
 55176 | Vaults:3 | Received a gift from Okawaru
 55176 | Vaults:3 | Reached skill level 5 in Throwing
 55350 | Vaults:3 | Received a gift from Okawaru
 55353 | Vaults:3 | Got a sapphire arbalest {god gift}
 55570 | Vaults:2 | Identified the +1 arbalest "Ixelon" {venom, Dex+9} (Okawaru
                  | gifted it to you on level 3 of the Vaults)
 56071 | Vaults:3 | Reached skill level 19 in Fighting
 56173 | Vaults:3 | Reached XP level 20. HP: 171/191 MP: 25/25
 56670 | Vaults:3 | Received a gift from Okawaru
 57028 | Vaults:3 | Found a large runed translucent door.
 57030 | Vaults:3 | Found a large runed translucent door.
 57031 | Vaults:3 | Noticed Silenth's ghost (adept DrFE)
 57240 | Vaults:3 | Found Feong's Antique Weapon Shop.
 57248 | Vaults:3 | Bought a crystal hand crossbow for 382 gold pieces
 57248 | Vaults:3 | Identified the +4 hand crossbow "Aleof" {speed, rC+ Int+4}
                  | (You bought it in a shop on level 3 of the Vaults)
 57371 | Vaults:3 | Identified the cursed +0 chain mail of Septiteq {Dex+3
                  | SInv}
 58145 | Vaults:4 | Received a gift from Okawaru
 58329 | Vaults:4 | Reached skill level 20 in Fighting
 58353 | Vaults:4 | Reached skill level 15 in Shields
 58375 | Vaults:4 | Received a gift from Okawaru
 58913 | Vaults:4 | Reached skill level 10 in Throwing
 58944 | Vaults:4 | Received a gift from Okawaru
 58944 | Vaults:4 | Reached XP level 21. HP: 152/202 MP: 26/26
 59144 | Vaults:4 | Reached skill level 21 in Fighting
 59985 | Vaults:4 | Reached skill level 22 in Fighting
 60272 | Elf:1    | Entered Level 1 of the Elven Halls
 60717 | Elf:1    | Received a gift from Okawaru
 61000 | Elf:1    | Received a gift from Okawaru
 61184 | Elf:1    | Found Qihiehumo's Jewellery Shoppe.
 62583 | Elf:2    | Found a runed translucent gate.
 62583 | Elf:2    | Found a runed translucent gate.
 62584 | Elf:2    | Found a runed translucent gate.
 62736 | Elf:2    | Received a gift from Okawaru
 63085 | Elf:2    | Received a gift from Okawaru
 63317 | Elf:2    | Received a gift from Okawaru
 63766 | Elf:3    | Entered Level 3 of the Elven Halls
 64059 | Elf:3    | Found a bloodstained altar of Trog.
 64561 | Elf:3    | Reached XP level 22. HP: 187/216 MP: 27/27
 64564 | Elf:3    | Reached skill level 23 in Fighting
 65386 | Elf:3    | Identified the +1 robe of the Buccaneer {+Fly rN+ MR-
                  | Dex+3}
 65450 | Elf:3    | Identified the +7 hand axe "Giantslayer" {venom, +Fly rN+}
 65690 | Elf:3    | Received a gift from Okawaru
 65884 | Elf:3    | Received a gift from Okawaru
 66227 | Elf:3    | Identified the Tome of the Supportive Oath
 66269 | Elf:3    | Identified the Disquisition on Cloudy Earth
 66393 | Elf:3    | Identified the Papyrus of Doomed Cold
 66402 | Elf:3    | Got a buzzing cloak
 66424 | Elf:3    | Got a transparent hunting sling
 66444 | Elf:3    | Got a faintly glowing plate armour
 66484 | Elf:3    | Identified the +4 hunting sling of Malie {flame, Str+3}
                  | (You found it on level 3 of the Elven Halls)
 66486 | Elf:3    | Identified the +1 cloak "Qykhun" {*Drain rCorr MP+9 Str+4}
                  | (You found it on level 3 of the Elven Halls)
 66488 | Elf:3    | Identified the +0 plate armour "Katzioq" {rC++ rN+ MR+
                  | Stlth-} (You found it on level 3 of the Elven Halls)
 67086 | D:15     | Killed Kirke
 67171 | D:15     | Found a staircase to the Depths.
 67595 | Depths:1 | Entered Level 1 of the Depths
 67626 | Depths:1 | Found a gateway to Hell.
 67744 | Depths:1 | Found a gateway to a ziggurat.
 67744 | Depths:1 | Noticed an ancient lich
 67744 | Depths:1 | Noticed an ancient lich
 67760 | Depths:1 | Killed an ancient lich
 67772 | Depths:1 | Killed an ancient lich
 67898 | Depths:1 | Found a one-way gate to the infinite horrors of the Abyss.
 68785 | Depths:1 | Found a runed translucent gate.
 68785 | Depths:1 | Found a runed translucent gate.
 68785 | Depths:1 | Found an ancient bone altar of Kikubaaqudgha.
 68785 | Depths:1 | Found a runed translucent gate.
 68785 | Depths:1 | Noticed Fuodalyc's ghost (adept MiFi)
 68785 | Depths:1 | Noticed an ancient lich
 68786 | Depths:1 | Noticed an ancient lich
 68786 | Depths:1 | Noticed an ancient lich
 68968 | Depths:1 | Received a gift from Okawaru
 69476 | Depths:1 | Found a one-way gate leading to the halls of Pandemonium.
 69546 | Depths:1 | Found a glowing golden altar of the Shining One.
 69882 | Depths:2 | Reached XP level 23. HP: 228/228 MP: 28/28
 69935 | Depths:2 | Found a corrupted altar of Lugonu.
 70703 | Depths:2 | You fall into a shaft and drop 2 floors!
 70904 | Depths:3 | Reached skill level 24 in Fighting
 71254 | Depths:2 | Received a gift from Okawaru
 71563 | Depths:2 | Paralysed by a vampire knight for 2 turns
 71609 | Depths:2 | Noticed Jory
 71619 | Depths:2 | Killed Jory
 71746 | Depths:2 | Reached skill level 10 in Evocations
 72184 | Depths:3 | Got the amulet "Exiloxeu" {rN+ Regen+ Int+4}
 72329 | Depths:3 | Received a gift from Okawaru
 72619 | Depths:3 | Got a bone demon trident
 72717 | Depths:3 | Found a portal to a secret trove of treasure.
 72823 | Depths:3 | Identified the +5 demon trident of Greed {vamp, Int+3} (You
                  | found it on level 3 of the Depths)
 73493 | Depths:4 | HP: 9/232 [fire giant/fireball (40)]
 74000 | Depths:4 | Received a gift from Okawaru
 74897 | Depths:4 | Reached XP level 24. HP: 135/240 MP: 30/30
 75587 | Depths:4 | Noticed a greater mummy
 75601 | Depths:4 | Killed a greater mummy
 75616 | Depths:4 | Noticed a greater mummy
 76031 | Depths:4 | Killed a greater mummy
 76031 | Depths:4 | Received a gift from Okawaru
 76245 | Depths:5 | Entered Level 5 of the Depths
 77164 | Depths:5 | Reached skill level 25 in Fighting
 77246 | Depths:5 | Found a gate to the Realm of Zot.
 78578 | Vaults:5 | Entered Level 5 of the Vaults
 78634 | Vaults:4 | Reached skill level 15 in Throwing
 78701 | Vaults:4 | Received a gift from Okawaru
 79315 | Vaults:5 | Identified the ring of Setuq {Ice rElec}
 79336 | Vaults:5 | Received a gift from Okawaru
 79846 | Vaults:5 | Noticed an ancient lich
 79851 | Vaults:5 | Killed an ancient lich
 79853 | Vaults:5 | Received a gift from Okawaru
 80273 | Vaults:5 | Received a gift from Okawaru
 80306 | Vaults:5 | Reached XP level 25. HP: 251/251 MP: 30/30
 80382 | Vaults:5 | Reached skill level 1 in Spellcasting
 80443 | Vaults:5 | Identified the +7 arbalest "Zeireok" {penet, rPois Dex+4
                  | SInv}
 80518 | Vaults:5 | Got a silver rune of Zot
 80668 | Vaults:5 | Received a gift from Okawaru
 80832 | Vaults:5 | Identified the ring "Hunik" {rF+ rN+}
 81006 | Vaults:5 | Found Arublocs's Food Shop.
 81086 | Vaults:5 | Learned a level 1 spell: Apportation
 81283 | Vaults:5 | Identified the +10 trident of the Traitor {vorpal, Str+3
                  | Dex+3}
 81287 | Vaults:5 | Reached skill level 26 in Fighting
 81287 | Vaults:5 | Reached skill level 1 in Translocations
 81315 | Vaults:5 | Received a gift from Okawaru
 82066 | Vaults:5 | Got a shimmering arbalest
 82067 | Vaults:5 | Identified the +5 arbalest "Vohaji" {elec, Dex+3} (You
                  | found it on level 5 of the Vaults)
 82281 | D:11     | Bought the +1 cloak of Starlight {rElec rC+ EV+4 Stlth--}
                  | for 667 gold pieces
 82281 | D:11     | Found the +1 cloak of Starlight {rElec rC+ EV+4 Stlth--}
 82699 | D:11     | Killed Mamah's ghost
 82889 | Vaults:3 | Killed Silenth's ghost
 83506 | Depths:1 | Killed an ancient lich
 83506 | Depths:1 | Received a gift from Okawaru
 83513 | Depths:1 | Killed an ancient lich
 83517 | Depths:1 | Killed Fuodalyc's ghost
 83523 | Depths:1 | Killed an ancient lich
 83526 | Depths:1 | Got a faintly humming plate armour {god gift}
 83532 | Depths:1 | Identified Kikubaaqudgha's Collected Works on Evil Rituals
 83539 | Depths:1 | Got a pair of shimmering boots
 83545 | Depths:1 | Got a slimy wooden ring
 83867 | Depths:1 | Identified the ring "Juonomi" {+Fly rPois rF+ Dex+3 SInv}
                  | (You found it on level 1 of the Depths)
 83868 | Depths:1 | Identified the +1 pair of boots "Dujom" {rC- rN+++ MR-
                  | Int+5} (You found it on level 1 of the Depths)
 83869 | Depths:1 | Identified the +5 plate armour of Fabulous Beauty {rPois}
                  | (Okawaru gifted it to you on level 1 of the Depths)
 83962 | Zot:1    | Entered Level 1 of the Realm of Zot
 84486 | Zot:1    | Received a gift from Okawaru
 84724 | Zot:1    | Reached skill level 5 in Spellcasting
 84730 | Zot:1    | Learned a level 3 spell: Mephitic Cloud
 84805 | Zot:1    | Received a gift from Okawaru
 84811 | Zot:1    | Got a smouldering hand crossbow {god gift}
 84812 | Zot:1    | Identified the +5 hand crossbow of the Final Friars {penet,
                  | +Blink rPois rF++ Int+4} (Okawaru gifted it to you on level
                  | 1 of the Realm of Zot)
 85055 | Zot:1    | Reached skill level 1 in Poison Magic
 85099 | Zot:2    | Reached skill level 1 in Conjurations
 85099 | Zot:2    | Reached skill level 1 in Air Magic
 85204 | Zot:2    | You fall into a shaft and drop 2 floors!
 85230 | Zot:4    | Reached XP level 26. HP: 70/264 MP: 30/30
 86034 | Zot:4    | Received a gift from Okawaru
 87804 | Zot:2    | Received a gift from Okawaru
 88194 | Zot:3    | Reached skill level 27 in Fighting
 89359 | Zot:4    | Reached skill level 5 in Conjurations
 89359 | Zot:4    | Reached skill level 5 in Air Magic
 89359 | Zot:4    | Reached skill level 5 in Poison Magic
 89969 | Zot:5    | Entered Level 5 of the Realm of Zot
 90021 | Zot:5    | Reached XP level 27. HP: 270/273 MP: 32/32
 90032 | Zot:5    | Noticed an orb of fire
 90051 | Zot:5    | Gained mutation: You are occasionally teleported next to
                  | monsters. [an orb of fire]
 90138 | Zot:5    | Received a gift from Okawaru
 90139 | Zot:5    | Got a crude hunting sling {god gift}
 90140 | Zot:5    | Identified the +9 hunting sling of Ehysofah {speed,
                  | *Corrode +Inv +Fly Int+6} (Okawaru gifted it to you on
                  | level 5 of the Realm of Zot)
 90174 | Zot:5    | Gained mutation: Scrolls take you a little longer to read.
                  | [an orb of fire]
 90181 | Zot:5    | Gained mutation: Your body sometimes deteriorates upon
                  | taking damage. [an orb of fire]
 90185 | Zot:5    | Killed an orb of fire
 91380 | Zot:4    | Lost mutation: You are occasionally teleported next to
                  | monsters. [potion of mutation]
 91380 | Zot:4    | Lost mutation: Your body sometimes deteriorates upon taking
                  | damage. [potion of mutation]
 91380 | Zot:4    | Lost mutation: Scrolls take you a little longer to read.
                  | [potion of mutation]
 91380 | Zot:4    | Gained mutation: Your mind is acute. (Int +2) [potion of
                  | mutation]
 91380 | Zot:4    | Gained mutation: You have sharp toenails. [potion of
                  | mutation]
 91380 | Zot:4    | Gained mutation: Your system is resistant to poisons.
                  | (rPois) [potion of mutation]
 91756 | Zot:5    | Noticed an ancient lich
 91756 | Zot:5    | Noticed an ancient lich
 91857 | Zot:5    | Noticed an orb of fire
 91863 | Zot:5    | Killed an orb of fire
 91873 | Zot:5    | Received a gift from Okawaru
 91895 | Zot:5    | HP: 8/273 [Orb Guardian (10)]
 91896 | Zot:5    | Noticed an orb of fire
 91899 | Zot:5    | Gained mutation: You are clumsy. (Dex -2) [an orb of fire]
 91900 | Zot:5    | Killed from afar by a Killer Klown

Illustrated notes

Levels and vault maps discovered:
D:1:      psy_arrival_radial02, layout_basic
D:2:      layout_rooms, first_ration
D:3:      layout_loops_ring, lemuel_zombie_altar_kikubaaqudgha
D:4:      cheibrodos_thug_alley, layout_basic, gammafunk_ghost_necromancy,
          uniq_edmund, uniq_natasha
D:5:      layout_basic, minmay_temple_entry_statues, serial_shops,
          kennysheep_little_box, nicolae_shop_crystal, shop,
          hangedman_decor_slide_cut, uniq_pikel
D:6:      layout_loops_ring
D:7:      layout_basic, minmay_hedge_maze
D:8:      layout_rooms, grunt_ogre_cave, uniq_grum
D:9:      layout_cave_pools, grunt_lair_entry_orc_guard_hut
D:10:     layout_rooms, basic_altar, nicolae_qazlal_eye_of_the_storm
D:11:     layout_long_grid, serial_shops, shop, gammafunk_ghost_necromancy
D:12:     layout_cave_pools, david_orc_5
D:13:     layout_basic, david_vaults_5
D:14:     layout_irregular_city, minmay_misc_feat_square
D:15:     grunt_enter_depths_magical_seal, layout_basic, serial_bayou_lagoon_a,
          uniq_kirke
Temple:   nicolae_temple_the_god_donut
Lair:1:   layout_regular_city, serial_bayou_shore_b, uniq_sonja
Lair:2:   layout_loops_ring, hangedman_lair_unloving_vines,
          minmay_shattered_shrine
Lair:3:   layout_loops_ring, minmay_snake_entry_six_corridors
Lair:4:   layout_cave_pods, minmay_shoals_entry_lonely_mermaid
Lair:5:   layout_regular_city
Lair:6:   grunt_lair_end_beastmaster, layout_misc_corridors,
          minmay_slime_entry_oklob_open, uniq_nessos, uniq_rupert
Shoals:1: layout_shoals
Shoals:2: layout_shoals, nicolae_shoals_loop_pool
Shoals:3: layout_shoals, portal_ice_cave_entry_dragon, uniq_aizul,
          uniq_polyphemus
Shoals:4: shoals_end_simple, layout_shoals, uniq_mara
Snake:1:  layout_gridlike, serial_shops, nicolae_shop_statue_plus, shop, shop,
          nicolae_shop_window_shopping, minmay_shop_enchanted_jewellery
Snake:2:  layout_concentric_octagons, serial_bayou_shore_b, minmay_shop_grove,
          serial_bayou_shore_b
Snake:3:  layout_rooms, uniq_vashnia
Snake:4:  snake_pit, layout_rooms, basic_altar, serial_shops, shop,
          grunt_ministairs_4, nicolae_snake_squiggles
Orc:1:    layout_caves, basic_altar, trog_butcher_becter, uniq_erolcha,
          uniq_fannar
Orc:2:    st_orc_mages, layout_caves, basic_altar, lemuel_statue_altar
Elf:1:    layout_gridlike, serial_shops, shop, hangedman_elf_represent,
          minivault_28, roderic_lattice_octagonal_star
Elf:2:    layout_geoelf_octagon, serial_sigils, serial_sigils_hangedman_gnaw,
          serial_sigils_hangedman_quiver, serial_sigils_hangedman_clutch,
          serial_sigils_hangedman_writhe, serial_sigils_hangedman_scar
Elf:3:    minmay_elf_hall_furrowed, layout_onion_city,
          evilmike_spriggan_trog_shrine
Vaults:1: vaults_room_corners, nicolae_vaults_mini_display_case,
          nicolae_vaults_triangles, v_misc_28, nicolae_vaults_ring_of_whatevers,
          hangedman_vaults_corner, nicolae_vaults_network_square,
          sword_in_stone, vaults_dpeg_spiral, vaults_room_pools,
          vaults_dpeg_encased_lava, grunt_vaults_focal,
          nicolae_vaults_rhombus_6, ontoclasm_vaults_twist, layout_vaults_ring,
          serial_shops, nicolae_shop_crystal
Vaults:2: st_cells, nicolae_vaults_shelves_hall,
          minmay_crypt_entry_simple_sparse, nicolae_vaults_network_s,
          vaults_room_fours, vaults_mumra_lcd, nicolae_vaults_shelves_hall,
          vaults_mumra_hex, layout_vaults_omnigrid
Vaults:3: ebering_vaults_ghost_disaster_area, v_misc_23,
          nicolae_vaults_what_the_h, vaults_room_octagon, hangedman_vaults_hat,
          nicolae_vaults_little_squares_2, v_misc_10, dpeg_vaults_monster_box,
          hangedman_vaults_restitches, nicolae_vaults_ring_of_whatevers,
          vaults_dpeg_hooks, v_misc_25, vaults_dpeg_cross,
          nicolae_vaults_little_squares_4, layout_vaults_omnibox, serial_shops,
          shop, uniq_mennas
Vaults:4: nicolae_vaults_meeting, vaults_room_boxed, vaults_room_semicircle,
          nicolae_vaults_shelves_hall, nicolae_vaults_little_squares_5,
          grunt_vaults_twisty, grunt_vaults_swirl,
          ontoclasm_vaults_claustrophobia, ontoclasm_vaults_hangar,
          layout_vaults_maze
Vaults:5: serial_shops
Depths:1: layout_cave_pools, enter_ziggurat_c, abyss_entry,
          rand_demon_pan_entry_8, hell_entry, gammafunk_ghost_crypt, tso_altar
Depths:2: due_jory_tower, layout_cave_shapes, pf_coc_iceberg,
          abyss_entry_flame_altar, chequers_jeans,
          infiniplex_staircase_split_hallway
Depths:3: mu_elephants_graveyard, layout_basic, pan_entry, hellmouth_1,
          nicolae_trove_entry_crystal, minmay_misc_feat_pillars
Depths:4: ragdoll_tomb_raider, layout_gridville, grunt_hell_entry_dis_grunt,
          abyss_entry_crystal, glass_columns_a, minmay_holes
Depths:5: grunt_zot_entry_funnels, layout_basic, hell_entry, nrook_campfire
Zot:1:    layout_misc_corridors
Zot:2:    lemuel_firehouse, layout_onion, grunt_ministairs_13, zot_minivault_6
Zot:3:    layout_cellular_growth
Zot:4:    nicolae_zot_stationary_front, layout_misc_corridors
Zot:5:    layout_misc_corridors, grunt_ministairs_5

Skill      XL: |  1  2  3  4  5  6  7  8  9 10 11 12 13 14 15 16 17 18 19 20 21 22 23 24 25 26 27 |
---------------+----------------------------------------------------------------------------------+-----
Armour         | 4 6 7 10 12 13 15 17 18 19 20 21 22 23 24 | 24.8
Shields        | 4 7 9 10 13 15 | 15.0
Axes           | 3 4 5 7 8 10 13 15 16 17 19 | 19.4
Fighting       | 7 9 10 11 12 14 16 17 19 20 22 23 24 25 26 27 | 27.0
Crossbows      | 2 8 10 11 13 14 16 | 16.5
Invocations    | 1 4 6 8 |  8.0
Maces & Flails | 4 6 7 9 10 | 10.2
Evocations     | 4 5 6 9 11 | 11.0
Throwing       | 6 10 12 14 15 | 15.8
Spellcasting   | 5 7 8 |  8.0
Translocations | 4 |  4.6
Poison Magic   | 1 5 6 |  6.5
Conjurations   | 1 5 6 |  6.6
Air Magic      | 1 5 6 |  6.5
Dodging        | |  0.2

Action                   |  1- 3 |  4- 6 |  7- 9 | 10-12 | 13-15 | 16-18 | 19-21 | 22-24 | 25-27 || total
-------------------------+-------+-------+-------+-------+-------+-------+-------+-------+-------++-------
Melee: War axe           |    89 |   108 |   311 |   647 |  1001 |   896 |   241 |       |       ||  3293
       Headbutt          |     9 |    15 |    63 |   120 |   236 |   234 |   266 |   326 |   242 ||  1511
       Morningstar       |       |       |       |    31 |    30 |       |       |       |       ||    61
       Broad axe         |       |       |       |       |       |       |   693 |   943 |   749 ||  2385
 Fire: Hunting sling     |    17 |    62 |   104 |    49 |       |       |       |       |       ||   232
       Hand crossbow     |       |       |       |   150 |   482 |   827 |   748 |   735 |   520 ||  3462
Throw: Stone             |       |       |     1 |       |       |       |       |       |       ||     1
       Dart              |       |       |       |    31 |    22 |     1 |     3 |     1 |       ||    58
       Javelin           |       |       |       |       |       |       |       |    51 |    13 ||    64
Invok: Heroism           |       |       |       |     5 |     8 |     6 |     1 |     8 |     2 ||    30
       Finesse           |       |       |       |       |     4 |     7 |     1 |    10 |     2 ||    24
 Abil: Evoke Flight      |       |       |       |       |       |    22 |       |     2 |       ||    24
       Stop Flying       |       |       |       |       |       |     1 |     1 |     2 |       ||     4
       Evoke Invisibilit |       |       |       |       |       |       |       |     1 |       ||     1
       Evoke Blink       |       |       |       |       |       |       |       |       |     1 ||     1
Evoke: Wand              |       |       |       |       |       |       |     3 |       |     4 ||     7
       Lightning rod     |       |       |       |       |       |       |       |     1 |       ||     1
       Phial of floods   |       |       |       |       |       |       |       |     1 |       ||     1
  Use: Scroll            |       |       |    10 |     8 |    13 |     8 |    14 |    28 |    17 ||    98
       Potion            |       |       |       |     5 |     3 |     2 |       |     4 |     1 ||    15
 Stab: Distracted        |       |       |       |       |       |     1 |     1 |     1 |       ||     3
       Invisible         |       |       |       |       |       |       |       |     4 |       ||     4
  Eat: Chunk             |     1 |     6 |    16 |    23 |    29 |    26 |    32 |    26 |    17 ||   176
       Ration            |       |       |     1 |     5 |     5 |     7 |     3 |     7 |     5 ||    33
Armor: Scale mail        |    44 |    55 |    59 |       |       |       |       |       |       ||   158
       Chain mail        |       |       |    24 |    83 |   416 |   188 |       |       |       ||   711
       Plate armour      |       |       |       |   191 |       |   261 |   327 |   362 |       ||  1141
       Gold dragon scale |       |       |       |       |       |       |       |     4 |   490 ||   494
Dodge: Dodged            |    24 |    32 |    52 |    95 |   190 |   177 |   151 |   175 |   216 ||  1112
Block: Kite shield       |    44 |    58 |   110 |   380 |   515 |  1014 |   626 |   780 |   705 ||  4232
       Reflection        |       |       |       |       |       |   174 |   126 |    57 |    14 ||   371
       Other             |       |       |       |       |       |       |    17 |     4 |       ||    21
